 Dungeon Crawl Stone Soup version 0.29.0-11-gd7f09526c8 (webtiles) character file.

Game seed: 2819780884314966659

2568 doricub5 the Fighter (level 9, 86/86 HPs)
             Began as a Minotaur Fighter on Sept 3, 2022.
             Quit the game on level 7 of the Dungeon.
             The game lasted 00:23:03 (8709 turns).

doricub5 the Fighter (Minotaur Fighter)             Turns: 8709, Time: 00:23:04

Health: 86/86      AC: 16    Str: 27    XL:     9   Next: 31%
Magic:  2/2        EV:  8    Int:  5    God:
Gold:   222        SH: 10    Dex: 11    Spells: 8/8 levels left

rFire   . . .      SeeInvis +   b - +4 morningstar "Ynwosa" {antimagic, +Blink rC++ Will+ Str+3}
rCold   + + .      Faith    .   c - +0 buckler
rNeg    . . .      Spirit   .   E - +0 chain mail
rPois   .          Reflect  +   (helmet restricted)
rElec   .          Harm     .   (no cloak)
rCorr   .          Rampage  .   x - +0 pair of gloves
Will    +....                   (no boots)
Stlth   ..........              s - amulet of reflection
HPRegen 0.24/turn               D - +4 ring of protection
MPRegen 0.08/turn               A - ring of see invisible

@: no status effects
A: horns 2, retaliatory headbutt
a: Evoke Blink


You were on level 7 of the Dungeon.
You visited 2 branches of the dungeon, and saw 8 of its levels.
You also visited: Sewer.

You collected 492 gold pieces.
You spent 270 gold pieces at shops.

Inventory:

Hand Weapons
 b - the +4 morningstar "Ynwosa" (weapon) {antimagic, +Blink rC++ Will+ Str+3}
   (You bought it in a shop on level 6 of the Dungeon)

   It reduces the magical energy of the wielder, and disrupts the spells and
   magical abilities of those it strikes.
   Natural abilities and divine invocations are not affected.
   Str:       It affects your strength (+3).
   rC:        It greatly protects you from cold.
   +Blink:    It lets you blink.
   Will:      It increases your willpower.
Armour
 c - a +0 buckler (worn)
 x - a +0 pair of gloves (worn)
 E - a +0 chain mail (worn)
Jewellery
 h - a ring of resist corrosion
 j - a ring of fire
 p - a ring of ice
 s - an amulet of reflection (around neck)
 A - a ring of see invisible (right hand)
 D - a +4 ring of protection (left hand)
Wands
 k - a wand of mindburst (23)
Scrolls
 a - a scroll of identify
 e - 3 scrolls of blinking
 f - 2 scrolls of fear {unknown}
 i - a scroll of amnesia {unknown}
 n - a scroll of vulnerability {unknown}
 o - 3 scrolls of enchant weapon
 q - a scroll of enchant armour {unknown}
 r - a scroll of poison {unknown}
 u - 3 scrolls of teleportation {unknown}
 y - a scroll of silence {unknown}
 C - 3 scrolls of butterflies {unknown}
Potions
 g - a potion of mutation {unknown}
 l - a potion of ambrosia {unknown}
 m - 3 potions of curing
 t - 4 potions of heal wounds
 v - a potion of invisibility
 w - 4 potions of cancellation {unknown}
 z - a potion of magic {unknown}
 B - 2 potions of flight
Miscellaneous
 d - a condenser vane


   Skills:
 * Level 10.8 Fighting
 - Level 2.4 Long Blades
 + Level 8.0 Armour
 + Level 8.0 Shields
 + Level 3.5 Evocations


You had 8 spell levels left.
You didn't know any spells.
Your spell library contained the following spells:

 Spells                   Type           Power      Damage    Failure   Level
 Blink                    Tloc           0%         N/A       99%         2
 Confusing Touch          Hex            0%         N/A       100%        3
 Inner Flame              Hex/Fire       0%         N/A       100%        3
 Lesser Beckoning         Tloc           0%         N/A       100%        3
 Cause Fear               Hex            0%         N/A       100%        4
 Manifold Assault         Tloc           0%         N/A       100%        5
 Yara's Violent Unravell  Hex/Tmut       0%         3d3       100%        5
 Enfeeble                 Hex            0%         N/A       100%        7
 Discord                  Hex            0%         N/A       100%        8


Dungeon Overview and Level Annotations

Branches:
Dungeon (7/15)             Temple (1/1) D:7           Sewer (visited)

Altars:
Ashenzari
Cheibriados
Dithmenos
Elyvilon
Hepliaklqana
Kikubaaqudgha
Makhleb
Nemelex Xobeh
Ru
Trog
Uskayaw
Vehumet
Wu Jian
Xom
Yredelemnul
Zin
The Shining One

Shops:
D:3 (   D:6 (((!(


Innate Abilities, Weirdness & Mutations

You have a pair of horns on your head.
You reflexively headbutt those who attack you in melee.


Message History

You open the gate.
An iron imp comes into view.
The iron imp shouts, "Repent, thou fulsome dizzy-eyed whip-jack!"
Found a snail-covered altar of Cheibriados.
There is an open gate here.
You hit the iron imp.
You headbutt the iron imp, but do no damage.
The iron imp is moderately wounded.
You block the iron imp's attack.
You sock the iron imp!
You kill the iron imp!
No target in view!
There is an open gate here.
You see here a +0 dagger.
y - a scroll labelled MEARGH IMNOAHEX You see here a +0 dagger.
There is a stone staircase leading down here.
Items here: ))))) [[.
Found a sacrificial altar of Ru.
You see here a +0 dagger of venom.
A hound comes into view.
The hound barks!
The hound bites you but does no damage.
You barely miss the hound. The hound bites you but does no damage.
You block the hound's attack.
You closely miss the hound.
The hound bites you but does no damage. x2
You block the hound's attack.
You thump the hound! Your headbutt misses the hound.
The hound is almost dead.
The hound barely misses you. x2
You thump the hound!
You kill the hound!
Found 3 scrolls labelled IMPA RUKHLAIN.
You see here a hound corpse.
C - 3 scrolls labelled IMPA RUKHLAIN You see here a hound corpse.
You see here a +0 dagger of venom.
Partly explored, can't reach some places.
Partly explored, can't reach some places.
Are you sure you want to abandon this character and quit the game? (Confirm with "yes".)

####.#####..(##.##.#.####
##.## #.......[>...#
#...# #.......##.###
##.## #.......##.# #.#
###.##..##.# #.#
#P#.#..##.# #.#
#P..#..##)# #.#
##.##..##.#### #.###
#@######....#
#...##^PPPP#######.#
####†##....^#...# #.#
#.....#P^_.P#...# #.#
#.##.##^PP.P###.###.#
#.##.##..PP^#.......#
#.##..#########.#####
#.#####.#....##.#
#.#####.#.......#


There were no monsters in sight!

Vanquished Creatures
  Eustachio (D:5)
  An acid dragon (D:7)
  2 water moccasins
  An orc warrior (D:6)
  A sky beast (D:7)
  An ogre (D:5)
  A centaur (D:6)
  3 bullfrogs
  3 necrophages
  5 scorpions
  3 howler monkeys (D:7)
  3 hounds
  6 orc priests
  An iron imp (D:7)
  2 jellies
  4 iguanas
  7 orc wizards
  11 gnolls
  7 adders
  A river rat (D:5)
  A shadow imp (D:7)
  An ufetubus (D:6)
  2 worms
  A dart slug (D:1)
  29 orcs
  3 endoplasms
  11 giant cockroaches
  6 goblins
  6 hobgoblins
  10 quokkas
  9 ball pythons
  11 bats
  6 frilled lizards
  4 kobolds
  5 rats
169 creatures vanquished.

Notes
Turn   | Place    | Note
-------+----------+-------------------------------------------
     0 | D:1      | doricub5 the Minotaur Fighter began the quest for the Orb.
     0 | D:1      | Reached XP level 1. HP: 19/19 MP: 0/0
   206 | D:1      | Reached skill level 4 in Fighting
   249 | D:1      | Reached XP level 2. HP: 24/27 MP: 1/1
  1287 | D:2      | Reached XP level 3. HP: 30/34 MP: 2/2
  1408 | D:2      | Reached skill level 5 in Fighting
  1408 | D:2      | Reached XP level 4. HP: 3/42 MP: 3/3
  2033 | D:2      | Found a faded altar of an unknown god.
  2362 | D:3      | Found a hide-covered altar of Uskayaw.
  2622 | D:3      | Found Orir's Antique Weapon Shoppe.
  2755 | D:4      | Noticed a bullfrog
  2768 | D:4      | Killed a bullfrog
  2769 | D:4      | Reached XP level 5. HP: 26/50 MP: 4/4
  3010 | D:4      | Reached skill level 6 in Fighting
  3010 | D:4      | Reached skill level 5 in Armour
  3010 | D:4      | Reached skill level 5 in Shields
  3095 | D:4      | Found a basalt altar of Yredelemnul.
  3218 | D:4      | Reached XP level 6. HP: 36/58 MP: 5/5
  3969 | D:5      | Entered Level 5 of the Dungeon
  3986 | D:5      | Reached skill level 7 in Fighting
  4007 | D:5      | Reached XP level 7. HP: 19/66 MP: 6/6
  4223 | D:5      | Found a glowing drain.
  4409 | Sewer    | Entered a sewer
  4775 | Sewer    | Reached skill level 8 in Fighting
  4945 | D:5      | Reached skill level 1 in Evocations
  5460 | D:5      | Reached XP level 8. HP: 74/75 MP: 7/7
  5550 | D:5      | Found an ancient bone altar of Kikubaaqudgha.
  5550 | D:5      | Noticed Eustachio
  5576 | D:5      | Killed Eustachio
  5577 | D:5      | Reached skill level 9 in Fighting
  5925 | D:6      | Found Inguurax's Weapon Shoppe.
  6108 | D:6      | Found Woschu Ohoj's Weapon Shoppe.
  6943 | D:6      | Found Pobydedd's Antique Weapon Emporium.
  6946 | D:6      | Bought a glimmering morningstar for 270 gold pieces
  6946 | D:6      | Identified the +4 morningstar "Ynwosa" {antimagic, +Blink
                  | rC++ Will+ Str+3} (You bought it in a shop on level 6 of
                  | the Dungeon)
  7018 | D:6      | Found Dudur's Distillery.
  7052 | D:6      | Found Haikhyl's Antique Weapon Shoppe.
  7279 | D:6      | Reached skill level 10 in Fighting
  7621 | D:7      | Reached XP level 9. HP: 83/85 MP: 2/8
  7920 | D:7      | Found a hazy altar of Hepliaklqana.
  8140 | D:7      | Found a staircase to the Ecumenical Temple.
  8148 | Temple   | Entered the Ecumenical Temple
  8148 | Temple   | Found a transporter.
  8148 | Temple   | Found a transporter.
  8150 | Temple   | Found a transporter.
  8150 | Temple   | Found a transporter.
  8544 | D:7      | Found a snail-covered altar of Cheibriados.
  8624 | D:7      | Found a sacrificial altar of Ru.
  8709 | D:7      | Quit the game

Illustrated notes

Levels and vault maps discovered:
D:1:      spicycebolla_green_bress_n_ham, layout_loops_corners,
          minmay_misc_feat_hallway
D:2:      layout_loops_corners, ebering_ecumenical_altar_mist,
          minmay_tetromino_i4
D:3:      layout_basic, mainiacjoe_overflow_chevrons, serial_shops, shop,
          wander_ebering_terrifying_dragon_lair
D:4:      layout_basic, mainiacjoe_overflow_tiny_flanked, grunt_ministairs_13
D:5:      layout_basic, kiku_gazebo_pond_becter, serial_curves, eino_curves_04,
          eino_curves_01, cheibrodos_sewer_entry_sluice,
          kennysheep_decorative_pillar, uniq_eustachio
D:6:      dreamdust_elfheim, layout_basic, serial_shops,
          nicolae_shop_behind_doors, nicolae_square_shop, nicolae_stop_n_shop_2,
          nicolae_lakefront_shop, kennysheep_mini_moat, st_stairs_8, minmay_puff
D:7:      layout_loops_cross, slow_altar_2, nicolae_ru_the_path_less_chosen,
          general_overflow_altar, minmay_temple_entry_statues_fountains
Temple:   hellmonk_temple_divided_pantheon

Skill      XL: |  1  2  3  4  5  6  7  8  9 |
---------------+----------------------------+-----
Fighting       | 4 5 6 7 8 10 | 10.8
Shields        | 4 5 6 7 8 |  8.0
Armour         | 4 5 6 7 8 |  8.0
Evocations     | 1 3 |  3.5
Long Blades    | |  2.4

Action                   |  1- 3 |  4- 6 |  7- 9 || total
-------------------------+-------+-------+-------++-------
Melee: Long sword        |    72 |   134 |   152 ||   358
       Headbutt          |     6 |    22 |    46 ||    74
       Whip              |       |       |    72 ||    72
       Morningstar       |       |       |    72 ||    72
  Use: Potion            |     1 |     1 |       ||     2
       Scroll            |       |       |     4 ||     4
Armor: Scale mail        |    57 |    56 |   111 ||   224
       Chain mail        |       |       |    33 ||    33
Dodge: Dodged            |    28 |    41 |   118 ||   187
Block: Buckler           |    17 |    71 |   201 ||   289
       Reflection        |       |     1 |     2 ||     3
